 Dungeon Crawl Stone Soup version 0.32-a0-913-g739538afd8 (webtiles) character file.

Game seed: 207777299524052122

4444 benadryl the Skirmisher (level 10, -1/77 HPs)
             Began as a Coglin Hunter on Apr 4, 2024.
             Was a Priest of Uskayaw.
             Succumbed to a killer bee's poison
             ... on level 9 of the Dungeon on Apr 8, 2024.
             The game lasted 00:20:19 (10526 turns).

benadryl the Skirmisher (Coglin Hunter)            Turns: 10526, Time: 00:20:20

Health: -1/77      AC:  9    Str: 12    XL:     10   Next: 37%
Magic:  13/13      EV: 11    Int:  9    God:    Uskayaw [***...]
Gold:   564        SH:  0    Dex: 21    Spells: 9/9 levels left

rFire   + . .        a - +2 sling {Siegfried}
rCold   + . .        d - +0 sling {Eiko}
rNeg    . . .        e - +0 steam dragon scales
rPois   .            m - +1 helmet
rElec   .            C - scarf {rC+ rF+}
rCorr   .            k - +0 pair of gloves
SInv    .            i - +0 pair of boots
Will    .....        (amulet unavailable)
Stlth   ++           (ring unavailable)
HPRegen 0.32/turn    (ring unavailable)
MPRegen 0.13/turn    (no gizmo)

%: no passive effects
@: lethally poisoned (-1 -> -16), revved
A: off-hand wielding, slow wielding, warmup strikes, no jewellery
a: Invent Gizmo, Renounce Religion, Stomp, Line Pass


You were on level 9 of the Dungeon.
You worshipped Uskayaw.
Uskayaw was noncommittal.
You visited 2 branches of the dungeon, and saw 10 of its levels.
You also visited: Sewer.

You collected 564 gold pieces.

Inventory:

Hand Weapons
 a - a +2 sling (weapon) {Siegfried}
 d - a +0 sling (offhand) {Eiko}
Missiles
 n - a throwing net
Armour
 c - a +0 leather armour
 e - +0 steam dragon scales (worn)
 i - a +0 pair of boots (worn)
 k - a +0 pair of gloves (worn)
 m - a +1 helmet (worn)
 t - a +2 cloak
 C - a scarf of resistance (worn)
Wands
 o - a wand of digging (8)
 w - a wand of mindburst (44)
 z - a wand of charming (26)
Scrolls
 b - a scroll of butterflies
 l - a scroll of vulnerability
 p - 3 scrolls of fog
 q - a scroll of amnesia
 r - a scroll of teleportation
 u - 2 scrolls of revelation
 v - 2 scrolls of enchant armour
 x - 5 scrolls of identify {@r1}
 y - a scroll of silence {unknown}
 A - a scroll of blinking
Potions
 f - a potion of mutation
 g - 2 potions of haste
 h - a potion of might
 j - 2 potions of brilliance
 s - 2 potions of enlightenment
 B - 3 potions of lignification {unknown}


   Skills:
 - Level 6.8 Fighting
 - Level 10.7 Ranged Weapons
 - Level 1.7 Dodging
 - Level 0.7 Stealth
 * Level 5.3 Invocations
 - Level 5.0 Evocations


You had 9 spell levels left.
You didn't know any spells.
Your spell library contained the following spells:

 Spells                   Type           Power      Damage    Failure   Level
 Apportation              Tloc           0%         N/A       38%         1
 Necrotise                Necr           0%         1d4       38%         1
 Shock                    Conj/Air       0%         1d3       38%         1
 Sting                    Conj/Alch      0%         1d3       38%         1
 Summon Small Mammal      Summ           0%         N/A       38%         1
 Ensorcelled Hibernation  Hex/Ice        0%         N/A       52%         2
 Mercury Vapours          Alch/Air       0%         N/A       52%         2
 Dazzling Flash           Conj/Hex       0%         N/A       77%         3
 Fugue of the Fallen      Necr           0%         N/A       77%         3
 Inner Flame              Hex/Fire       0%         N/A       77%         3
 Mephitic Cloud           Conj/Alch/Air  0%         N/A       77%         3
 Swiftness                Air            0%         N/A       77%         3
 Tukima's Dance           Hex            0%         N/A       77%         3
 Airstrike                Air            0%         2d(0-16)  99%         4
 Anguish                  Hex/Necr       0%         N/A       99%         4
 Dimensional Bullseye     Hex/Tloc       0%         N/A       99%         4
 Flame Wave               Conj/Fire      0%         2d4       99%         4
 Iskenderun's Mystic Bla Conj/Tloc 0%             2d3        (+2d1     99%         4
 Sticky Flame             Fire/Alch      0%         2d4       99%         4
 Freezing Cloud           Conj/Ice/Air   0%         6-21      100%        5
 Starburst                Conj/Fire      0%         6d3       100%        6
 Maxwell's Capacitive Co  Air            0%         ∞         100%        8
 Chain Lightning          Conj/Air       0%         N/A       100%        9
 Fire Storm               Conj/Fire      0%         5d1       100%        9
 Shatter                  Erth           0%         3d5*      100%        9


Dungeon Overview and Level Annotations

Branches:
Dungeon (9/15)             Temple (1/1) D:6           Sewer (visited)
   Lair: D:8-11         Orc: D:9-12

Altars:
Dithmenos
Fedhas
Gozag
Hepliaklqana
Kikubaaqudgha
Makhleb
Nemelex Xobeh
Okawaru
Ru
Sif Muna
Trog
Uskayaw
Vehumet
Xom
Yredelemnul
The Shining One


Innate Abilities, Weirdness & Mutations

You can wield a second weapon in your off-hand.
It takes a long time for you to wield or remove held weapons.
Your first few attacks do less damage.
You cannot equip rings or amulets.


Message History

You feel strangely unstable.
You feel sick. The killer bee misses you. The killer bee closely misses you.
The killer bee stings you but does no damage.
The killer bee barely misses you.
You feel sick.
The killer bee attacks as it pursues you!
The killer bee stings you but does no damage.
The killer bee stings you.
* * * LOW HITPOINT WARNING * * *
The killer bee stings you.
* * * LOW HITPOINT WARNING * * *
You are more poisoned.
The killer bee poisons you!
Fire: a) +2 sling {Siegfried}
Press: ? - help, Q - select action, (/) - cycle Shift-Dir - straight line, f/p - killer bee
Aim: a killer bee (48% to hit)
You shoot a sling bullet.
The sling bullet closely misses the killer bee.
The sling bullet hits the killer bee but does no damage.
You shoot a sling bullet. The sling bullet misses the killer bee.
The sling bullet hits the killer bee.
The killer bee is moderately wounded.
You feel very sick. The killer bee barely misses you.
The killer bee stings you.
* * * LOW HITPOINT WARNING * * *
The killer bee barely misses you. x2; The killer bee stings you.
* * * LOW HITPOINT WARNING * * *
The killer bee stings you.
* * * LOW HITPOINT WARNING * * *
You are more poisoned.
The killer bee poisons you!
Uskayaw will force your foes to helplessly watch your dance.
Uskayaw prepares the audience for your solo!
Okay, then.
* * * LOW HITPOINT WARNING * * *
You feel very sick.
Your surroundings suddenly seem different.
Found 20 gold pieces.
You die...
Your body falls in perfect tune with the rhythm.

#.#
#.#
#.#
#.#
#.#
#.#
#$#
#@#
#.#
#.#
#.#
...
###


There were no monsters in sight!

Vanquished Creatures
  Maurice (D:8)
  Jeremiah (D:7)
  Sigmund (D:3)
  A wraith (D:8)
  A steam dragon (D:6)
  A water moccasin (D:5)
  Duvessa (D:7)
  An ice beast (D:6)
  2 sky beasts (D:7)
  An ogre (D:5)
  2 centaurs
  A phantom (D:5)
  3 bullfrogs
  A brain worm (Sewer)
  A scorpion (D:6)
  A burial acolyte (D:5)
  Dowan (D:7)
  5 wights (D:7)
  8 killer bees
  4 howler monkeys
  3 bombardier beetles
  2 jellies
  4 orc priests
  5 hounds
  2 gnoll boudas
  2 sleepcaps
  4 iguanas
  11 orc wizards
  2 hound zombies (D:5)
  12 gnolls
  9 adders
  2 river rats (Sewer)
  3 shadow imps (D:5)
  An adder zombie (D:5)
  3 dart slugs
  3 ribbon worms (Sewer)
  30 orcs
  10 bats
  8 endoplasms
  6 giant cockroaches
  A gnoll zombie (D:5)
  7 goblins
  7 hobgoblins
  6 jackals
  5 kobolds
  5 quokkas
  9 ball pythons
  5 frilled lizards
  3 kobold zombies (D:5)
  2 rats
210 creatures vanquished.

Notes
Turn   | Place    | Note
-------+----------+-------------------------------------------
     0 | D:1      | benadryl the Coglin Hunter began the quest for the Orb.
     0 | D:1      | Reached XP level 1. HP: 16/16 MP: 1/1
   132 | D:1      | Reached XP level 2. HP: 22/22 MP: 2/2
   143 | D:1      | Reached skill level 4 in Ranged Weapons
   421 | D:1      | Reached XP level 3. HP: 28/28 MP: 3/3
  1300 | D:2      | Reached XP level 4. HP: 27/34 MP: 4/4
  1541 | D:3      | Noticed Sigmund
  2390 | D:3      | Killed Sigmund
  2391 | D:3      | Reached skill level 5 in Ranged Weapons
  2391 | D:3      | Reached XP level 5. HP: 42/42 MP: 5/5
  2391 | D:3      | Reached XP level 6. HP: 48/48 MP: 6/6
  2651 | D:4      | Reached skill level 6 in Ranged Weapons
  2720 | D:4      | Found a glowing drain.
  2729 | Sewer    | Entered a sewer
  2959 | Sewer    | Reached XP level 7. HP: 26/55 MP: 7/7
  3641 | D:4      | Found a shimmering blue altar of Sif Muna.
  3661 | D:5      | Entered Level 5 of the Dungeon
  3742 | D:5      | Reached skill level 5 in Fighting
  3742 | D:5      | Reached skill level 7 in Ranged Weapons
  3820 | D:5      | Upgraded the game from 0.32-a0-898-g7811c86cf0 to
                  | 0.32-a0-913-g739538afd8
  4089 | D:5      | Reached skill level 1 in Evocations
  4089 | D:5      | Reached XP level 8. HP: 59/62 MP: 8/8
  4156 | D:5      | Found an ancient bone altar of Kikubaaqudgha.
  4160 | D:5      | Found a radiant altar of Vehumet.
  4225 | D:5      | Reached skill level 8 in Ranged Weapons
  5237 | D:6      | You fall into a shaft and drop 2 floors!
  5291 | D:8      | Found a sacrificial altar of Ru.
  5303 | D:7      | Noticed Duvessa
  5303 | D:7      | Noticed Dowan
  5435 | D:7      | Killed Duvessa
  5436 | D:7      | Reached skill level 9 in Ranged Weapons
  5443 | D:7      | Killed Dowan
  5444 | D:7      | Reached skill level 5 in Evocations
  5715 | D:7      | Reached XP level 9. HP: 59/68 MP: 9/9
  7092 | D:7      | Noticed Jeremiah
  7112 | D:7      | Killed Jeremiah
  7113 | D:7      | Reached skill level 10 in Ranged Weapons
  7714 | D:6      | Found a staircase to the Ecumenical Temple.
  7986 | Temple   | Entered the Ecumenical Temple
  8012 | Temple   | Became a worshipper of Uskayaw the Reveller
  8261 | D:6      | Found a glowing golden altar of the Shining One.
  8336 | D:6      | Reached * piety under Uskayaw
  8457 | D:6      | Identified the +2 short sword "Huetar" {drain, rF+ rC+
                  | Will+}
  8997 | D:8      | Reached ** piety under Uskayaw
  8999 | D:8      | Reached skill level 1 in Invocations
  9013 | D:8      | Reached *** piety under Uskayaw
  9019 | D:8      | Reached **** piety under Uskayaw
  9020 | D:8      | Reached XP level 10. HP: 77/77 MP: 11/11
  9815 | D:8      | Found a blossoming altar of Fedhas.
  9997 | D:8      | Noticed Maurice
 10011 | D:8      | Something stole a throwing net
 10013 | D:8      | Something stole 549 gold
 10375 | D:8      | Killed Maurice
 10376 | D:8      | Reached skill level 5 in Invocations
 10525 | D:9      | HP: 2/77 [poisoned by a killer bee]
 10526 | D:9      | Succumbed to a killer bee's poison

Illustrated notes

Levels and vault maps discovered:
D:1:      elethiomel_arrival_infinity_welcomes_careful_drivers,
          layout_loops_ring
D:2:      layout_loops_ring, amethyst_killhole, minmay_fractal_squares_gapless_5
D:3:      layout_basic, uniq_sigmund
D:4:      layout_rooms, lemuel_tele_altar, portal_sewer_entry_d,
          hangedman_abyss_or_decor_lesser_grid, minmay_bisected
D:5:      layout_basic, regret_index_kikubaaqudgha_part_by_part,
          mainiacjoe_overflow_cross_hatched
D:6:      layout_layer_cave, mainiacjoe_overflow_alcove_1,
          minmay_temple_entry_water_ring, kennysheep_small_square
D:7:      layout_cave_pools, minmay_hedge_maze, billiards_dpeg, uniq_jeremiah,
          uniq_duvessa
D:8:      layout_cave_pods, fedhas_altar_decomposition, nicolae_ru_awakened_eye,
          nicolae_nh_ransacked_shop, uniq_maurice
D:9:      layout_basic, hangedman_decor_clover_reticule,
          chequers_serial_rivers_small_3, minmay_chambers_of_fives
Temple:   jpeg_temple_alley_garden

Skill      XL: |  1  2  3  4  5  6  7  8  9 10 |
---------------+-------------------------------+-----
Ranged Weapons | 4 5 6 7 9 10 | 10.7
Fighting       | 3 4 5 6 |  6.8
Evocations     | 1 5 |  5.0
Invocations    | 2 5 |  5.3
Dodging        | |  1.7
Stealth        | |  0.7

Action                     |  1- 3 |  4- 6 |  7- 9 | 10-12 || total
---------------------------+-------+-------+-------+-------++-------
   Fire: Sling             |   158 |   242 |   998 |   300 ||  1698
  Evoke: Wand              |       |       |     5 |     9 ||    14
    Use: Scroll            |     6 |     5 |     8 |     4 ||    23
         Potion            |       |     5 |     6 |     1 ||    12
 Armour: Leather armour    |    14 |    50 |   189 |       ||   253
         Steam dragon scal |       |       |     4 |    91 ||    95
  Dodge: Dodged            |     7 |    36 |   109 |    71 ||   223

Table legend: (Time is in decaauts)
 A = Elapsed time spent in this place.
 B = Non-inter-level travel time spent in this place.
 C = Inter-level travel time spent in this place.
 D = Time resting spent in this place.
 E = Time spent auto-exploring this place.
 F = Levels seen in this place.
 G = Mean time per level.
                   A        B        C        D        E       F      G
               +--------+--------+--------+--------+--------+-----+--------+
         Total |  10686 |   9965 |    721 |   2037 |   5842 |  11 |  971.5 |
       Dungeon |   9877 |   9200 |    677 |   1930 |   5842 |   9 | 1097.4 |
        Temple |     51 |      7 |     44 |      0 |      0 |   1 |   51.0 |
         Sewer |    758 |    758 |      0 |    107 |      0 |   1 |  758.0 |
               +--------+--------+--------+--------+--------+-----+--------+

Top non-repeatable levels by time:
     D:8: 2015 daAuts
     D:7: 1742 daAuts
     D:6: 1600 daAuts
     D:5: 1361 daAuts
     D:2: 889 daAuts
     D:1: 809 daAuts
     D:3: 787 daAuts
   Sewer: 758 daAuts
     D:4: 619 daAuts
  Temple: 51 daAuts
     D:9: 50 daAuts
